AoeStats
← yunn champ yunn

Hideout

510172559Analyzed
1v1 RM · 4d ago on Sep 29, 2026· 39m 33s· 2 players
Game mode
Random Map
Map size
Tiny (2 player)
Population
200
Speed
Normal
Resources
Standard
Victory
Conquest
Starting age
Dark Age
Ending age
Imperial Age
RankedLock teamsTeams togetherTeam positionsShared explorationLock speedFull tech treeHidden civsTurbo modeCheats
Victory
Defeat
🇧🇷 Spanish · Brazil
643
+17
🇩🇪 Franks · Germany
655
-17
IIErich
8:30 Loom
10:17 Feudal Age
11:21 Double-Bit Axe
13:23 Horse Collar
19:27 Castle Age
18:08 Gold Mining
18:19 Stone Mining
19:52 Bloodlines
19:54 Scale Barding Armor
22:30 Wheelbarrow
24:16 Chain Barding Armor
24:55 Heavy Plow
29:09 Forging
30:08 Hand Cart
29:39 Town Watch
32:55 Iron Casting
37:04 Imperial Age
37:24 Husbandry
37:38 Elite Conquistador
39:20 Stone Shaft Mining
yunn champ yunn
4:02 Loom
9:10 Loom
10:56 Feudal Age
11:24 Double-Bit Axe
12:20 Loom
15:32 Gold Mining
18:21 Castle Age
19:20 Bow Saw
19:10 Stone Mining
19:29 Husbandry
22:52 Pikeman
24:00 Squires
24:14 Forging
24:06 Scale Mail Armor
25:21 Wheelbarrow
30:24 Fletching
32:21 Gold Shaft Mining
32:07 Elite Skirmisher
33:51 Padded Archer Armor
Connection lost

Rejoining the realm…

Still unreachable

The connection could not be restored.

Session expired

The server has moved on; the page needs a fresh start.